 Dungeon Crawl Stone Soup version 0.31.0-2-g5a2aebc5c2 (webtiles) character file.

Game seed: 15393604451437000716

95247 Arcadio the Warrior (level 15, -1/97 (103) HPs)
             Began as a Minotaur Fighter on Jan 20, 2024.
             Was a Follower of Uskayaw.
             Slain by an orc high priest
             ... wielding a +0 scimitar of distortion
              (6 damage)
             ... on level 1 of the Orcish Mines.
             The game lasted 01:06:32 (27429 turns).

Arcadio the Warrior (Minotaur Fighter)             Turns: 27429, Time: 01:06:34

HP:   -1/97 (103)   AC: 22    Str: 32      XL:     15   Next: 65%
MP:   13/13         EV:  9    Int:  0 (1)  God:    Uskayaw [*.....]
Gold: 1779          SH: 13    Dex:  3      Spells: 14/14 levels left

rFire   + + .        v - +0 broad axe (drain)
rCold   . . .        o - +0 kite shield
rNeg    + . .        i - +2 plate armour {rF+}
rPois   .            (helmet restricted)
rElec   .            U - +2 cloak {rC+}
rCorr   .            (no gloves)
SInv    .            q - +2 pair of boots "Nunel Gelu" {Str+2}
Will    ++...        w - amulet of reflection Stlth
                     P - ring of willpower
HPRegen 0.00/turn    Z - ring of Rabeyg {rF+ rC+ rN+ Str+3 Dex-4}
MPRegen 0.13/turn

%: reflection
@: sick, slowed, lost intelligence, drained, unable to read, very slow
A: horns 2, retaliatory headbutt, [clumsy 2], [deformed body], [deterioration
2], [dopey 2], frail 1[+2], [low MP 3], [screaming 2], [teleportitis 2], [cold
vulnerability 2], [inability to drink after injury 2], [persistent drain]
a: Renounce Religion, Stomp


You were on level 1 of the Orcish Mines.
You worshipped Uskayaw.
Uskayaw was noncommittal.
You visited 4 branches of the dungeon, and saw 23 of its levels.
You visited the Abyss 1 time.
You also visited: Sewer and Ice Cave.

You collected 1779 gold pieces.

Inventory:

Hand Weapons
 s - the +11 hammer of Distraction {speed, *Noise rN+ Int+4}
   (You found it on level 3 of the Dungeon)

   Int+4:     It affects your intelligence (+4).
   rN+:       It protects you from negative energy.
   *Noise:    It may make a loud noise when swung.
 v - a +0 broad axe of draining (weapon)
Missiles
 C - 3 throwing nets (quivered)
Armour
 f - a +2 leather armour of poison resistance
 i - a +2 plate armour of fire resistance (worn)
 o - a +0 kite shield (worn)
 q - the +2 pair of boots "Nunel Gelu" (worn) {Str+2}
   (You found it on level 3 of the Lair of Beasts)

   Str+2:     It affects your strength (+2).
 U - a +2 cloak of cold resistance (worn)
 V - a +0 chain mail of cold resistance
Jewellery
 b - a ring of resist corrosion
 d - a ring of protection from cold
 l - a ring of flight
 m - a ring of protection from cold
 w - an amulet of reflection (around neck)
 y - a ring of protection from cold
 P - a ring of willpower (left hand)
 Y - a +6 ring of dexterity
 Z - the ring of Rabeyg (right hand) {rF+ rC+ rN+ Str+3 Dex-4}
   (You found it on level 5 of the Lair of Beasts)

   [ring of protection from cold]

   Str+3:     It affects your strength (+3).
   Dex-4:     It affects your dexterity (-4).
   rF+:       It protects you from fire.
   rC+:       It protects you from cold.
   rN+:       It protects you from negative energy.
Wands
 D - a wand of flame (29)
 F - a wand of digging (3)
 G - a wand of charming (14)
 N - a wand of roots (7)
Scrolls
 h - 2 scrolls of torment
 u - a scroll of blinking
 x - a scroll of vulnerability
 z - 2 scrolls of fog
 A - 4 scrolls of teleportation
 B - 2 scrolls of poison
 H - 4 scrolls of revelation
 O - 4 scrolls of fear
 Q - a scroll of immolation {unknown}
 W - a scroll of enchant weapon {unknown}
Potions
 a - a potion of cancellation {unknown}
 e - 3 potions of attraction
 g - 2 potions of invisibility {unknown}
 j - 9 potions of mutation
 k - a potion of resistance
 n - 3 potions of enlightenment
 p - 4 potions of lignification
 t - 2 potions of magic {unknown}
 I - a potion of haste {unknown}
 J - a potion of degeneration {unknown}
 K - 4 potions of ambrosia {unknown}
 R - 2 potions of curing
 X - 3 potions of brilliance
Miscellaneous
 L - a lightning rod (3/4)
 M - a phial of floods (inert)


   Skills:
 + Level 17.7 Fighting
 + Level 17.4 Axes
 + Level 17.5 Armour
 - Level 9.7 Dodging
 + Level 9.1 Shields
 + Level 7.5 Invocations


You had 14 spell levels left.
You didn't know any spells.
Your spell library contained the following spells:

 Spells                   Type           Power      Damage    Failure   Level
 Freeze                   Ice            0%         1d3       99%         1
 Magic Dart               Conj           0%         1d3       99%         1
 Sandblast                Erth           0%         2d4       99%         1
 Lesser Beckoning         Tloc           0%         N/A       100%        2
 Scorch                   Fire           0%         2d5       100%        2
 Searing Ray              Conj           0%         2d4       100%        2
 Frozen Ramparts          Ice            0%         1d1       100%        3
 Gell's Gravitas          Tloc           0%         N/A       100%        3
 Inner Flame              Hex/Fire       0%         N/A       100%        3
 Passwall                 Erth           0%         N/A       100%        3
 Stone Arrow              Conj/Erth      0%         3d7       100%        3
 Summon Ice Beast         Ice/Summ       0%         N/A       100%        3
 Teleport Other           Tloc           0%         N/A       100%        3
 Animate Dead             Necr           0%         N/A       100%        4
 Brom's Barrelling Bould  Conj/Erth      0%         2d3       100%        4
 Flame Wave               Conj/Fire      0%         2d4       100%        4
 Fulminant Prism          Conj/Alch      0%         3d5       100%        4
 Ignite Poison            Fire/Alch      0%         N/A       100%        4
 Sticky Flame             Fire/Alch      0%         2d4       100%        4
 Vhi's Electric Charge    Tloc/Air       0%         N/A       100%        4
 Arcjolt                  Conj/Air       0%         1d10      100%        5
 Borgnjor's Vile Clutch   Necr/Erth      0%         N/A       100%        5
 Freezing Cloud           Conj/Ice/Air   0%         6-21      100%        5
 Irradiate                Conj/Alch      0%         3d11      100%        5
 Death Channel            Necr           0%         N/A       100%        6
 Summon Cactus Giant      Summ           0%         N/A       100%        6
 Ignition                 Fire           0%         3d3       100%        8
 Maxwell's Capacitive Co  Air            0%         ∞         100%        8


Dungeon Overview and Level Annotations

Branches:
Dungeon (15/15) Zot: 24642  Temple (1/1) D:5 Zot: 5969    Lair (5/5) D:10 Zot: 21933
 Shoals (0/4) Lair:2       Spider (0/4) Lair:2        Slime (0/5) Lair:4
    Orc (2/2) D:11 Zot: 9069     Elf (0/3) Orc:2        Vaults (0/5) D:13
  Sewer (visited)           IceCv (visited)
 Depths: D:15

Altars:
Ashenzari
Cheibriados
Dithmenos
Elyvilon
Fedhas
Gozag
Hepliaklqana
Kikubaaqudgha
Makhleb
Nemelex Xobeh
Okawaru
Qazlal
Ru
Sif Muna
Trog
Uskayaw
Vehumet
Wu Jian
Xom
Yredelemnul
Zin
The Shining One
Jiyva

Shops:
Orc:2 *?

Portals:
Hell: Lair:5

Annotations:
D:4 2 runed translucent doors, Rayvis's ghost, novice MiFi
D:12 1 runed translucent door, dorian's ghost, journeyman OnGl
D:13 3 runed translucent doors, diceflayer's ghost, journeyman DsFi; dorian's ghost, journeyman AtFi


Innate Abilities, Weirdness & Mutations

You have a pair of horns on your head.
You reflexively headbutt those who attack you in melee.
[You are very clumsy. (Dex -4)]
[Armour fits poorly on your strangely shaped body.]
[Your body often deteriorates upon taking damage.]
[You are very dopey. (Int -4)]
[You are extremely frail. (-30% HP)]
[Your magical capacity is extremely low. (-30% MP)]
[You frequently scream uncontrollably at your foes.]
[You are often teleported next to monsters.]
[You are very vulnerable to cold. (rC--)]
[You sometimes lose the ability to drink potions when taking damage.]
[Your health recovers twice as slowly from being drained.]


Message History

You block the sun demon's attack.
The sun demon attacks as it pursues you!
The sun demon hits you!
You are engulfed in flames.
You resist.
* * * LOW HITPOINT WARNING * * *
The hellwing attacks as it pursues you! You block the hellwing's attack.
The hellwing closely misses you. The sun demon hits you!
* * * LOW HITPOINT WARNING * * *
You are engulfed in flames.
You resist.
* * * LOW HITPOINT WARNING * * *
The red devil attacks as it pursues you!
You block the red devil's attack. The hellwing barely misses you.
The hellwing hits you but does no damage.
The orc high priest hits you but does no damage.
Space warps around you.
* * * LOW HITPOINT WARNING * * *
You can no longer pass through a line of other dancers.
Okay, then.
Press: ? - help, v - describe, . - travel
Here: an orc high priest, wielding a +0 scimitar of distortion (lightly wounded)
The floor.
Okay, then.
You cannot read scrolls in your current state!
Okay, then.
Okay, then.
Okay, then.
Aim the phial where?
Press: ? - help, Shift-Dir - straight line, f - hellwing
Aim: a hellwing (summoned, 71% to hit)
The torrent of water misses the hellwing.
The wave splashes down.
Splash!
You fall into the shallow water.
Moving in this stuff is going to be slow.
The hellwing is engulfed in water.
The sun demon is engulfed in water.
The red devil is engulfed in water.
You block the sun demon's attack. You block the red devil's attack.
You block the hellwing's attack.
The hellwing hits you but does no damage.
The orc high priest hits you but does no damage.
Space warps around you.
You die...

##.## #...### ####.)))##
#...###.....###.####)###
##...#.......#...#.#.##
##.#.......#.........#
##...................##
#...............#.o..#.
##.....~~~..............
##....#.~4~.........o#.#.
#.......@34...........###
##...#...o#.~...#.......#.
#...###.....><............
#...##..............)))...
##.........[.[........)...
#...#...#........#[##.##..
##.#.......[.....#.#####..
####........#......## ##.
##..................# ##


You could see an orc high priest, a sun demon (summoned, waterlogged), a
hellwing (summoned, waterlogged) and a red devil (summoned, waterlogged).

Vanquished Creatures
  Saint Roka (Orc:2)
  Rupert (Lair:4)
  Kirke (D:12)
  2 orc warlords (Orc:1)
  A reaper (IceCv)
  The ghost of Discosetron the Thaumaturge, a journeyman DjAl of Makhleb (Orc:1)
  8 vault guards (D:13)
  A demonspawn (Orc:1)
  Harold (Lair:2)
  5 hydras
  Fannar (Lair:2)
  A catoblepas (Lair:5)
  2 centaur warriors
  A boulder beetle (Lair:2)
  3 two-headed ogres
  4 death yaks
  3 orc high priests (Orc:2)
  Nergalle (Lair:1)
  A skyshark (Lair:2)
  A wretched star (Abyss:3)
  A sixfirhy (Lair:5)
  Pikel (D:6)
  A lindwurm (Lair:5)
  An arcanist (Lair:5)
  5 orc knights
  5 orc sorcerers
  7 ugly things
  A merfolk siren (Lair:2)
  A worldbinder (Orc:2)
  5 cyclopes
  A manticore (D:12)
  23 elephants
  2 rust devils (Orc:1)
  2 ice statues (IceCv)
  An orange demon (Lair:5)
  4 black mambas
  2 kobold blastminers (Orc:2)
  16 cane toads
  3 gargoyles
  5 rime drakes
  An unseen horror (D:13)
  A freezing wraith (IceCv)
  Maggie (D:6)
  A yaktaur (shapeshifter) (D:13)
  Psyche (D:8)
  2 tengu conjurers (D:13)
  10 ice devils
  7 komodo dragons
  A polar bear (Lair:1)
  2 red devils (Lair:5)
  A hellwing (Lair:5)
  3 trolls
  19 blink frogs
  7 dream sheep (Lair:5)
  A shadow (D:12)
  2 culicivoras (Lair:2)
  62 yaks
  A wraith (D:13)
  3 wyverns
  Eustachio (D:9)
  5 wargs
  3 death yak simulacra (IceCv)
  2 hogs (D:12)
  3 basilisks
  3 vampire mosquitoes (D:13)
  A steam dragon (D:7)
  4 acid dragons
  18 water moccasins
  4 hell hounds (Lair:5)
  39 orc warriors
  4 black bears
  Pargi (Sewer)
  2 sky beasts
  An ice beast (D:5)
  8 ogres
  4 centaurs
  24 wolves
  A phantom (D:7)
  2 kobold brigands
  Blork the orc (D:6)
  A gnoll sergeant (D:9)
  10 bullfrogs
  A two-headed ogre simulacrum (IceCv)
  A brain worm (Sewer)
  3 scorpions
  A cane toad simulacrum (IceCv)
  10 wights
  3 elephant simulacra (IceCv)
  7 killer bees (D:9)
  2 howler monkeys
  2 electric eels
  2 gnoll boudas
  Crazy Yiuf (D:3)
  3 hounds
  18 orc priests
  4 bombardier beetles
  6 jellies
  2 sleepcaps (D:5)
  6 iguanas
  18 orc wizards
  2 troll simulacra (IceCv)
  3 spriggan simulacra (IceCv)
  A wolf simulacrum (IceCv)
  11 gnolls
  10 adders
  A naga simulacrum (IceCv)
  2 river rats (D:4)
  A shadow imp (D:6)
  2 white imps
  4 ufetubi (IceCv)
  4 dart slugs
  5 ribbon worms
  84 orcs
  11 endoplasms
  3 giant cockroaches
  6 goblins
  4 hobgoblins
  4 jackals (D:3)
  2 quokkas (D:3)
  4 ball pythons
  8 bats
  2 frilled lizards
  11 kobolds
  10 rats
  2 butterflies (Lair:4)
682 creatures vanquished.

Vanquished Creatures (others)
  3 humans (D:12)
  4 starspawn tentacles (Abyss:3)
7 creatures vanquished.

Grand Total: 689 creatures vanquished

Notes
Turn   | Place    | Note
-------+----------+-------------------------------------------
     0 | D:1      | Arcadio the Minotaur Fighter began the quest for the Orb.
     0 | D:1      | Reached XP level 1. HP: 19/19 MP: 0/0
   297 | D:1      | Reached XP level 2. HP: 27/27 MP: 1/1
   635 | D:1      | Found a faded altar of an unknown god.
   809 | D:2      | Reached XP level 3. HP: 30/33 MP: 2/2
   870 | D:2      | Reached XP level 4. HP: 39/41 MP: 3/3
  1671 | D:3      | Found a runed translucent door.
  1672 | D:3      | Noticed Crazy Yiuf
  1679 | D:3      | Killed Crazy Yiuf
  1680 | D:3      | Reached skill level 5 in Fighting
  1680 | D:3      | Reached skill level 5 in Armour
  1680 | D:3      | Reached XP level 5. HP: 35/48 MP: 4/4
  1740 | D:3      | Identified the +11 hammer of Distraction {speed, *Noise rN+
                  | Int+4}
  1796 | D:4      | Noticed a black bear
  1961 | D:4      | Found a large runed translucent door.
  1961 | D:4      | Found a large runed translucent door.
  1962 | D:4      | Noticed Rayvis's ghost (novice MiFi)
  2007 | D:4      | Killed a black bear
  2008 | D:4      | Reached XP level 6. HP: 31/57 MP: 5/5
  2031 | D:4      | Reached skill level 5 in Axes
  2059 | D:4      | HP: 1/57 [burnt (4)]
  2094 | D:4      | Found a glowing drain.
  2106 | Sewer    | Entered a sewer
  2232 | Sewer    | Noticed Pargi
  2245 | Sewer    | Killed Pargi
  2246 | Sewer    | Reached XP level 7. HP: 35/64 MP: 6/6
  2836 | D:4      | Found a basalt altar of Yredelemnul.
  3009 | D:5      | Entered Level 5 of the Dungeon
  3402 | D:5      | Found a staircase to the Ecumenical Temple.
  3408 | Temple   | Entered the Ecumenical Temple
  3426 | Temple   | Became a worshipper of Uskayaw the Reveller
  3446 | D:5      | Reached * piety under Uskayaw
  3449 | D:5      | Reached ** piety under Uskayaw
  3515 | D:5      | Reached *** piety under Uskayaw
  3517 | D:5      | Reached XP level 8. HP: 69/73 MP: 7/7
  3518 | D:5      | Reached **** piety under Uskayaw
  4286 | D:6      | Noticed Pikel
  4292 | D:6      | Reached ***** piety under Uskayaw
  4299 | D:6      | Killed Pikel
  4492 | D:6      | Noticed Blork the orc
  4502 | D:6      | Killed Blork the orc
  4503 | D:6      | Reached XP level 9. HP: 81/83 MP: 8/8
  4513 | D:6      | Noticed Maggie
  4535 | D:6      | Killed Maggie
  5081 | D:7      | Reached skill level 10 in Fighting
  5151 | D:7      | Reached skill level 10 in Armour
  5525 | D:7      | Found an iron altar of Okawaru.
  5530 | D:7      | Reached skill level 10 in Axes
  6225 | D:8      | Noticed Psyche
  6237 | D:8      | Killed Psyche
  6238 | D:8      | Reached XP level 10. HP: 74/94 MP: 9/9
  6541 | D:8      | Found a viscous altar of Jiyva.
  7127 | D:9      | Found a radiant altar of Vehumet.
  7137 | D:9      | Noticed a centaur warrior
  7145 | D:9      | Killed a centaur warrior
  7472 | D:9      | Found a glowing golden altar of the Shining One.
  7472 | D:9      | Found a shimmering blue altar of Sif Muna.
  7472 | D:9      | Found a glowing silver altar of Zin.
  7472 | D:9      | Found a sacrificial altar of Ru.
  7642 | D:9      | Found a snail-covered altar of Cheibriados.
  7642 | D:9      | Found a white marble altar of Elyvilon.
  7801 | D:9      | Noticed Eustachio
  7809 | D:9      | Killed Eustachio
  7868 | D:10     | Entered Level 10 of the Dungeon
  7947 | D:10     | Noticed a death yak
  7948 | D:10     | Noticed a death yak
  7965 | D:9      | Killed a death yak
  7966 | D:9      | Reached XP level 11. HP: 32/105 MP: 10/10
  8264 | D:10     | Noticed a death yak
  8709 | D:10     | Noticed a two-headed ogre
  8718 | D:10     | Killed a two-headed ogre
  9060 | D:10     | Found a bloodstained altar of Trog.
  9145 | D:10     | Found a staircase to the Lair.
  9394 | Lair:1   | Entered Level 1 of the Lair of Beasts
  9403 | Lair:1   | Reached skill level 5 in Shields
  9703 | Lair:1   | Noticed Nergalle
 11126 | Lair:1   | Killed Nergalle
 11129 | Lair:1   | Reached XP level 12. HP: 85/115 MP: 11/11
 11134 | Lair:1   | Reached ****** piety under Uskayaw
 11402 | Lair:2   | Noticed Harold
 11454 | Lair:2   | HP: 2/116 [cane toad (15)]
 12331 | D:11     | Found a staircase to the Orcish Mines.
 12633 | D:11     | Reached skill level 1 in Dodging
 13196 | Orc:1    | Entered Level 1 of the Orcish Mines
 13196 | Orc:1    | Noticed an orc warlord
 13407 | D:12     | Noticed a two-headed ogre
 13471 | D:12     | Noticed Kirke
 13489 | D:12     | Killed Kirke
 13530 | D:12     | Killed a two-headed ogre
 13808 | D:12     | Found a runed translucent door.
 13808 | D:12     | Found a shimmering altar of Xom.
 13808 | D:12     | Noticed dorian's ghost (journeyman OnGl)
 14199 | D:12     | Noticed a centaur warrior
 14222 | D:12     | Killed a centaur warrior
 14624 | D:13     | Noticed a two-headed ogre
 14631 | D:13     | Killed a two-headed ogre
 14701 | D:14     | Reached XP level 13. HP: 66/125 MP: 12/12
 15060 | D:15     | Entered Level 15 of the Dungeon
 15155 | D:13     | Reached skill level 15 in Fighting
 15248 | D:13     | Found a runed translucent gate.
 15248 | D:13     | Found a runed translucent gate.
 15249 | D:13     | Found a runed translucent gate.
 15251 | D:13     | Found an ancient bone altar of Kikubaaqudgha.
 15260 | D:13     | Noticed a lich
 15260 | D:13     | Noticed dorian's ghost (journeyman AtFi)
 15260 | D:13     | Noticed a lich
 15260 | D:13     | Noticed a lich
 15261 | D:13     | Noticed diceflayer's ghost (journeyman DsFi)
 15305 | D:13     | Reached skill level 5 in Dodging
 15532 | D:13     | Reached skill level 15 in Armour
 15673 | D:13     | Found a gate to the Vaults.
 15708 | D:13     | Reached skill level 15 in Axes
 16564 | Lair:2   | Killed Harold
 16615 | Lair:2   | Reached skill level 1 in Invocations
 16616 | Lair:2   | Found a hide-covered altar of Uskayaw.
 16768 | Lair:2   | Found a hole to the Spider Nest.
 17338 | Lair:2   | Noticed Fannar
 17347 | Lair:2   | Killed Fannar
 17583 | Lair:2   | Found a staircase to the Shoals.
 18047 | Lair:3   | Reached XP level 14. HP: 99/137 MP: 15/15
 18177 | Lair:3   | Found a frozen archway.
 18216 | IceCv    | Entered an ice cave
 18743 | IceCv    | Noticed a reaper
 18757 | IceCv    | Killed a reaper
 18819 | IceCv    | Got the Guide on Snow
 19166 | Lair:3   | Identified the +2 pair of boots "Nunel Gelu" {Str+2}
 19920 | Lair:4   | Reached skill level 5 in Invocations
 20035 | Lair:4   | Noticed Rupert
 20040 | Lair:4   | Paralysed by Rupert for 4 turns
 20068 | Lair:4   | Killed Rupert
 20615 | Lair:4   | Found a staircase to the Slime Pits.
 20823 | Lair:5   | Entered Level 5 of the Lair of Beasts
 20831 | Lair:5   | Identified the ring of Rabeyg {rF+ rC+ rN+ Str+3 Dex-4}
 21928 | Lair:5   | Reached XP level 15. HP: 142/147 MP: 18/18
 22495 | Lair:5   | Found a burning altar of Makhleb.
 23020 | Lair:5   | Found a gateway to Hell.
 24840 | Orc:1    | Found a runed translucent door.
 24840 | Orc:1    | Noticed Discosetron's ghost (journeyman DjAl)
 24858 | Orc:1    | Killed Discosetron's ghost
 25035 | Orc:1    | You fall into a shaft and drop 1 floor!
 25035 | Orc:2    | Entered Level 2 of the Orcish Mines
 25269 | Orc:2    | Noticed Saint Roka
 25330 | Orc:2    | Killed Saint Roka
 25351 | Orc:2    | Gained mutation: [You are frail. (-10% HP)] [a neqoxec]
 25547 | Orc:2    | Found a staircase to the Elven Halls.
 26325 | Orc:2    | Found Hiuch's General Store.
 26620 | Orc:2    | Found Neraug's Magic Scroll Shoppe.
 27199 | Abyss:3  | Cast into level 3 of the Abyss (orc high priest)
 27255 | Abyss:3  | Noticed a tentacled starspawn
 27397 | Orc:2    | Escaped the Abyss
 27405 | Orc:2    | Lost intelligence.
 27429 | Orc:1    | Slain by an orc high priest

Illustrated notes

Levels and vault maps discovered:
D:1:      roadster_arrival_rocket_small, layout_basic,
          shapermc_ecumenical_altar_petra
D:2:      layout_rooms
D:3:      layout_rooms, hangedman_decor_peaks_small, minmay_misc_feat_columns,
          uniq_crazy_yiuf_cottage
D:4:      layout_cave_pools, mainiacjoe_overflow_alcove_2,
          ebering_ghost_disaster_area, lightli_sewer_entry_pipes,
          minmay_misc_feat_rows
D:5:      layout_cave_pods, minmay_temple_entry_gardened_gates
D:6:      layout_loops_ring, uniq_pikel, uniq_blork_the_orc, uniq_maggie
D:7:      layout_cave_pods, kennysheep_little_box
D:8:      layout_loops_cross, jiyva_altar_1, uniq_psyche
D:9:      layout_basic, minmay_overflow_temple_hex,
          mainiacjoe_overflow_alcove_4, sword_in_stone
D:10:     layout_cave_pools, mainiacjoe_overflow_24_doors, dpeg_lair_monsters,
          serial_park, serial_park_avenue1, serial_park_square2,
          serial_park_square2, serial_park_tiny_2
D:11:     nicolae_cairo_tiling, layout_irregular_city, orc_0_dummy
D:12:     layout_small_grid, ebering_ghost_xom,
          nicolae_concentric_dashed_squares_mild, uniq_kirke
D:13:     layout_basic, erik_vaults_2, gammafunk_ghost_crypt,
          lemuel_old_faithful
D:14:     layout_stronghold, minmay_misc_feat_five
D:15:     grunt_enter_depths_magical_seal, layout_cave_pods, minmay_evil_grid
Temple:   hellmonk_temple_flake
Lair:1:   layout_regular_city, infiniplex_staircase_pool_2, uniq_nergalle
Lair:2:   layout_roguey, minmay_shoals_entry_lonely_mermaid,
          hellmonk_spider_entry_life_and_decay, basic_altar, uniq_harold,
          uniq_fannar
Lair:3:   layout_regular_city, portal_ice_cave_demonic_guard
Lair:4:   layout_misc_corridors, slime_entry_1, serial_bayou_ford_a,
          lemuel_fruit_fields, uniq_rupert
Lair:5:   evil_forest, layout_cellular_growth, chequers_serial_rivers_large_a,
          grunt_megastairs_4, serial_bayou_shore_a, lemuel_fruit_tree
Orc:1:    cheibrodos_orc_arena, layout_caves, hellmonk_ghost_happy_afterlife,
          serial_shops
Orc:2:    pf_orc_diabolical, layout_caves, minmay_orc_barracks, uniq_saint_roka

Skill      XL: |  1  2  3  4  5  6  7  8  9 10 11 12 13 14 15 |
---------------+----------------------------------------------+-----
Fighting       | 4 5 6 7 9 10 12 13 14 16 17 | 17.7
Armour         | 4 5 6 7 8 10 12 13 14 15 16 17 | 17.5
Axes           | 3 4 5 6 8 10 11 13 14 15 16 17 | 17.4
Shields        | 7 9 |  9.1
Dodging        | 4 7 9 |  9.7
Invocations    | 3 6 7 |  7.5

Action                     |  1- 3 |  4- 6 |  7- 9 | 10-12 | 13-15 || total
---------------------------+-------+-------+-------+-------+-------++-------
  Melee: War axe           |    54 |   120 |    47 |       |       ||   221
         Headbutt          |    12 |    20 |    47 |    84 |   234 ||   397
         Broad axe         |       |       |   177 |   443 |  1021 ||  1641
         Mace              |       |       |       |       |    26 ||    26
 Invoke: Stomp             |       |       |       |     1 |       ||     1
         Grand Finale      |       |       |       |       |     4 ||     4
  Evoke: Wand              |       |       |       |       |     1 ||     1
         Lightning rod     |       |       |       |       |     1 ||     1
         Phial of floods   |       |       |       |       |     1 ||     1
    Use: Scroll            |     4 |     7 |     1 |     6 |     8 ||    26
         Potion            |       |     1 |       |    11 |     6 ||    18
   Stab: Paralysed         |       |       |    11 |    45 |    95 ||   151
 Armour: Scale mail        |    40 |   116 |    99 |       |       ||   255
         Chain mail        |       |       |    52 |   399 |    10 ||   461
         Plate armour      |       |       |       |    97 |   721 ||   818
         Skin              |       |       |       |       |    21 ||    21
  Dodge: Dodged            |    28 |    70 |    76 |   179 |   295 ||   648
  Block: Buckler           |     7 |    32 |    90 |   282 |   262 ||   673
         Reflection        |       |       |     3 |    12 |    22 ||    37
         Kite shield       |       |       |       |       |   290 ||   290
